 Dungeon Crawl Stone Soup version 0.21.1-1-g345015f (webtiles) character file.

56 wilfster70 the Skirmisher (level 4, -2/37 HPs)
             Began as a Formicid Fighter on Feb 26, 2018.
             Slain by Crazy Yiuf
             ... wielding a +4 quarterstaff of chaos
              (5 damage)
             ... on level 2 of the Dungeon.
             The game lasted 00:04:54 (1192 turns).

wilfster70 the Skirmisher (Formicid Fighter)        Turns: 1192, Time: 00:04:54

Health: -2/37      AC:  9    Str: 21    XL:     4   Next: 17%
Magic:  4/4        EV:  5    Int:  7    God:
Gold:   126        SH:  9    Dex: 11    Spells: 3/3 levels left

rFire    . . .     SeeInvis +   a - +0 war axe
rCold    . . .     Gourm    .   c - +0 shield
rNeg     . . .     Faith    .   h - +0 chain mail
rPois    .         Spirit   .   (helmet unavailable)
rElec    .         Reflect  .   (no cloak)
rCorr    .         Harm     .   (no gloves)
MR       .....                  (no boots)
Stlth    ..........             (no amulet)
HPRegen  0.12/turn              (no ring)
MPRegen  0.09/turn              (no ring)

@: drained
A: permanent stasis, dig shafts and tunnels, four strong arms, antennae 3
a: Dig, Shaft Self


You were on level 2 of the Dungeon.
You were not hungry.

You visited 1 branch of the dungeon, and saw 2 of its levels.

You collected 126 gold pieces.

Inventory:

Hand Weapons
 a - a +0 war axe (weapon)
 b - a +1 mace of draining
 w - a +0 hunting sling
Missiles
 e - 65 stones (quivered)
Armour
 c - a +0 shield (worn)
 h - a +0 chain mail (worn)
Scrolls
 i - 2 scrolls of identify {unknown}
 j - 3 scrolls of remove curse {unknown}
 l - 2 scrolls of magic mapping {unknown}
 n - a scroll of enchant armour {unknown}
 o - a scroll of teleportation {unknown}
 p - 3 scrolls of random uselessness {unknown}
 q - a scroll of amnesia {unknown}
Potions
 d - a potion of might
 g - a potion of heal wounds {unknown}
 m - a potion of curing {unknown}
Comestibles
 f - 4 rations
 k - 2 chunks of flesh


   Skills:
 + Level 3.8(3.2) Fighting
 * Level 3.2(2.6) Axes
 + Level 3.8(3.2) Armour
 - Level 3.6(3.0) Shields


You had 3 spell levels left.
You didn't know any spells.

Dungeon Overview and Level Annotations

Branches:
Dungeon (2/15)

Altars:
Nemelex Xobeh

Annotations:
D:2 Crazy Yiuf


Innate Abilities, Weirdness & Mutations

You cannot be hasted, slowed, berserked, paralysed or teleported.
You can dig through walls and to a lower floor.
Your four strong arms can wield two-handed weapons with a shield.
You have a pair of large antennae on your head. (SInv)


Message History

There is an open door here.
You barely miss Crazy Yiuf.
Crazy Yiuf hits you with a quarterstaff of chaos!
Your chain mail prevents you from hitting Crazy Yiuf.
You block Crazy Yiuf's attack.
Crazy Yiuf hits you with a quarterstaff of chaos!
Crazy Yiuf burns you.
You hit Crazy Yiuf.
Crazy Yiuf is moderately wounded.
Crazy Yiuf hits you with a quarterstaff of chaos.
You feel drained.
You closely miss Crazy Yiuf.
Crazy Yiuf is moderately wounded.
You block Crazy Yiuf's attack.
You hit Crazy Yiuf.
Crazy Yiuf is moderately wounded.
Crazy Yiuf hits you with a quarterstaff of chaos!
* * * LOW HITPOINT WARNING * * *
You feel drained.
You die...

#..#.............####.#.#..##.
#..+..................#.#..##.
##.#.............######.#..##.
#.#...########### #.#..#..
#.#...# #.#..#.. #.#...#
♣♣♣♣♣##....#.. #.##### ####
♣♣♣.♣.P.#.##.#..
#...#♣..♣.P.)..#.....
#..g@.♣♣♣♣.)......... #)..#♣♣
♣♣..#....... #### ♣♣##.#.....
#.#...## #.#...# #.# ..# +# .#


You could see Crazy Yiuf.

Vanquished Creatures
  2 adders (D:2)
  A worm (D:2)
  A ball python (D:2)
  6 hobgoblins
  6 bats (D:1)
  9 goblins
  6 kobolds
  2 rats
33 creatures vanquished.

Notes
Turn   | Place    | Note
-------+----------+-------------------------------------------
     0 | D:1      | wilfster70 the Formicid Fighter began the quest for the Orb.
     0 | D:1      | Reached XP level 1. HP: 18/18 MP: 1/1
   240 | D:1      | Reached XP level 2. HP: 21/24 MP: 2/2
   703 | D:1      | Reached XP level 3. HP: 23/29 MP: 3/3
   876 | D:2      | Found a sparkling altar of Nemelex Xobeh.
   982 | D:2      | Reached XP level 4. HP: 36/37 MP: 4/4
  1039 | D:2      | Found a sparkling altar of Nemelex Xobeh.
  1182 | D:2      | Found a runed door.
  1186 | D:2      | Noticed Crazy Yiuf
  1192 | D:2      | Slain by Crazy Yiuf

Skill      XL: |  1  2  3 |
---------------+----------+-----
Axes           | 3 |  3.2
Fighting       | |  3.8
Armour         | |  3.8
Shields        | |  3.6

Action                   |  1- 3 |  4- 6 || total
-------------------------+-------+-------++-------
Melee: War axe           |    70 |    24 ||    94
  Eat: Chunk             |       |     1 ||     1
Armor: Scale mail        |    12 |       ||    12
       Chain mail        |    30 |     8 ||    38
Dodge: Dodged            |    16 |     6 ||    22
Block: Shield            |    40 |    12 ||    52
